AoeStats
← GM.Matheus

Arabia

508996295Analyzed
2v2 RM · 7d ago on Sep 25, 2026· 60m 8s· 4 players
Game mode
Random Map
Map size
Medium (4 player)
Population
200
Speed
Normal
Resources
Standard
Victory
Conquest
Starting age
Dark Age
Ending age
Imperial Age
RankedLock teamsTeams togetherTeam positionsShared explorationLock speedFull tech treeHidden civsTurbo modeCheats
Victory
Defeat
🇧🇷 Magyars · Brazil
987
+15
🇧🇷 Mongols · Brazil
985
+15
🇨🇱 Burgundians · Chile
973
-15
🇨🇱 Mongols · Chile
953
-15
Magocuro
9:48 Feudal Age
8:05 Loom
11:04 Double-Bit Axe
12:53 Bloodlines
16:17 Town Watch
20:14 Horse Collar
22:57 Castle Age
21:35 Wheelbarrow
21:02 Gold Mining
22:44 Fletching
22:55 Padded Archer Armor
23:51 Forging
23:46 Scale Barding Armor
24:54 Bodkin Arrow
26:13 Bow Saw
27:07 Gold Shaft Mining
29:59 Husbandry
30:23 Leather Archer Armor
30:43 Iron Casting
30:29 Chain Barding Armor
34:37 Hand Cart
40:53 Imperial Age
38:43 Heavy Plow
41:55 Bracer
42:56 Blast Furnace
42:18 Ballistics
42:59 Chemistry
42:06 Siege Engineers
42:12 Masonry
43:25 Conscription
43:26 Drill
44:14 Conscription
44:14 Cavalier
46:55 Stone Mining
47:01 Elite Mangudai
48:51 Drill
48:33 Nomads
49:14 Hoardings
48:38 Murder Holes
51:38 Light Cavalry
52:36 Hussar
Crow
3:53 Loom
10:21 Double-Bit Axe
13:35 Feudal Age
13:17 Horse Collar
19:24 Heavy Plow
19:38 Bow Saw
20:15 Stone Mining
21:55 Fletching
28:48 Castle Age
27:18 Gold Mining
29:53 Bodkin Arrow
34:55 Elite Skirmisher
38:53 Two-Man Saw
37:50 Town Watch
40:03 Padded Archer Armor
42:56 Burgundian Vineyards
43:39 Fortified Wall
44:03 Leather Archer Armor
44:54 Ballistics
49:49 Imperial Age
48:46 Pikeman
49:27 Squires
52:46 Chemistry
55:59 Bracer
57:32 Halberdier
GM.Matheus
10:03 Feudal Age
8:18 Loom
22:55 Castle Age
21:07 Scale Barding Armor
20:50 Horse Collar
21:05 Gold Mining
21:02 Double-Bit Axe
24:29 Chain Barding Armor
28:28 Town Watch
29:19 Wheelbarrow
29:06 Fletching
29:20 Husbandry
29:39 Bloodlines
30:05 Bodkin Arrow
32:24 Hand Cart
33:35 Padded Archer Armor
33:09 Elite Skirmisher
35:33 Bow Saw
35:43 Leather Archer Armor
36:34 Thumb Ring
45:58 Imperial Age
43:40 Stone Mining
44:25 Gold Shaft Mining
44:11 Scale Mail Armor
46:13 Town Patrol
46:20 Cavalier
52:19 Masonry
52:37 Ballistics
53:22 Heavy Plow
53:42 Paladin
GM.Milinhox
6:30 Loom
8:55 Feudal Age
9:41 Double-Bit Axe
16:53 Fletching
18:51 Wheelbarrow
21:46 Castle Age
19:35 Horse Collar
21:50 Crossbowman
22:28 Bodkin Arrow
23:04 Bow Saw
25:56 Town Watch
26:35 Thumb Ring
35:09 Ballistics
36:37 Heavy Plow
37:17 Padded Archer Armor
38:21 Hand Cart
41:04 Imperial Age
38:53 Leather Archer Armor
41:16 Arbalester
42:12 Bracer
43:27 Parthian Tactics
44:18 Bloodlines
44:11 Husbandry
46:49 Chemistry
48:44 Conscription
48:55 Drill
48:31 Light Cavalry
51:19 Elite Mangudai
53:39 Hussar
Connection lost

Rejoining the realm…

Still unreachable

The connection could not be restored.

Session expired

The server has moved on; the page needs a fresh start.